cohdb
Replays
Latest Replays
All Replays
Popular Replays
Top Player Replays
Match Explorer
How It Works
Community
CoH3 Stats
Reddit
Sign in to upload your games and track your stats! →
Sign in with Steam
Match 41247196
Unlisted
Match 41247196
Overview
Messages
Build Orders
End
Kradschützen Motorcycle Team
Selects Armored Support Battlegroup
250 Light Carrier
Panzergrenadier Squad
Panzergrenadier Squad
Construct Light Support Kompanie
MG34 Team
Fire Support Elements
Pak 38 Anti-tank Gun Team
2.5-tonne Medical Truck
le.IG 18 Mechanized Group
Combat Half-tracks
Construct Panzerarmee Kommand
Pak 38 Mechanized Group
Forward Retreat Point
Panzer III L Medium Tank
Selects Salvage Kits
Selects Panzer Storm
Selects Stuka Dive Bomb
Rapid Advance
Assault Mechanized Group
Selects Veteran Gunners
UH|dun! ツ
otakuchairman
Floki
Doc
pain peko
Milky "Two Sips" Drinkonelli
0
0
Comments
sign in to comment!
No comments posted yet!